 Dungeon Crawl Stone Soup version 0.18.1-50-g88ac8fd (webtiles) character file.

137 thewizardguy the Grave Robber (level 5, -2/35 HPs)
             Began as a Mummy Necromancer on Oct 2, 2016.
             Slain by Regeox's ghost (4 damage)
             ... on level 3 of the Dungeon.
             The game lasted 00:24:41 (2706 turns).

thewizardguy the Grave Robber (Mummy Necromancer)   Turns: 2706, Time: 00:24:42

Health: -2/35      AC:  2    Str: 12    XL:     5   Next: 0%
Magic:  6/10       EV: 12    Int: 15    God:
Gold:   96         SH:  0    Dex: 12    Spells: 4 memorised, 2 levels left

rFire  x . .     SeeInvis .     c - +1 trident (venom)
rCold  + . .     Gourm    .     a - +0 robe
rNeg   + + +     Faith    .     (no shield)
rPois  ∞         Spirit   .     (no helmet)
rElec  .         Dismiss  .     (no cloak)
rCorr  .         Reflect  .     (no gloves)
SustAt .         Harm     .     (no boots)
MR     .....     Rnd*Tele +     (no amulet)
Stlth  +.........               (no ring)
                                g - ring of teleportation (curse)

@: glowing, not resistant to hostile enchantments, very unstealthy
A: no food or potions, fire vulnerability, cold resistance 1, negative energy
resistance 3, torment resistance, unbreathing
a: no special abilities


You were on level 3 of the Dungeon.
You were not hungry.

You visited 1 branch of the dungeon, and saw 3 of its levels.

You collected 96 gold pieces.

Inventory:

Hand Weapons
 c - a +1 trident of venom (weapon)
 d - a +0 club
 e - a +0 dagger
 k - a +0 long sword
 l - a +1 short sword
Armour
 a - a +0 robe (worn)
 j - a cursed +0 naga barding
Jewellery
 g - a cursed ring of teleportation (left hand)
Scrolls
 f - a scroll of remove curse {unknown}
 h - 2 scrolls of identify
 i - 2 scrolls of immolation
Books
 b - a book of Necromancy

   Spells                             Type                      Level
   a - Pain                           Necromancy                   1
   b - Animate Skeleton               Necromancy                   1
   c - Vampiric Draining              Necromancy                   3
   d - Regeneration                   Charms/Necromancy            3
   e - Animate Dead                   Necromancy                   4
   f - Control Undead                 Necromancy                   4


   Skills:
 + Level 0.2 Fighting
 + Level 1.9 Dodging
 + Level 1.8 Stealth
 + Level 3.5 Spellcasting
 + Level 5.1 Necromancy


You had 2 spell levels left.
You knew the following spells:

 Your Spells              Type           Power        Failure   Level  Hunger
a - Pain                  Necr           ###.         2%          1    N/A
b - Animate Skeleton      Necr           N/A          2%          1    N/A
c - Vampiric Draining     Necr           ###.......   10%         3    N/A
d - Control Undead        Necr           ###.......   28%         4    N/A

Dungeon Overview and Level Annotations

Branches:
Dungeon (3/15)

Altars:
Cheibriados

Annotations:
D:3 Regeox's ghost, weakling SpEn


Innate Abilities, Weirdness & Mutations

You do not eat or drink.
Your flesh is vulnerable to fire.
You are immune to poison.
Your flesh is cold resistant.
You are immune to negative energy.
You are immune to unholy pain and torment.
You can survive without breathing.


Message History

Regeox's ghost gestures at you while chanting.
You are outlined in light.
Your rat skeleton bites Regeox's ghost.
Regeox's ghost keens inconsolably.
Casting: Animate Skeleton
Confirm with . or Enter, or press ? or * to list all spells.
Regeox's ghost resists with almost no effort.
Regeox's ghost hits you.
* * * LOW HITPOINT WARNING * * *
You closely miss Regeox's ghost.
Regeox's ghost is severely damaged.
Regeox's ghost hits you but does no damage.
You hit Regeox's ghost.
Regeox's ghost is almost destroyed.
Regeox's ghost closely misses you.
You miss Regeox's ghost.
Regeox's ghost is almost destroyed.
Regeox's ghost hits you but does no damage.
Regeox's ghost hits you.
You die...

..............#.........
...........####..#....>.
...........####..#...#.#
....##.....#...........#
... #.............(....
....##......###......#.#
.......Z....###......#.#
....#..W................
... ##.@................
............###....#.#.#
........>.................
.#...##......###......#.#
...........).......<....
#...##......###......#.#
#...##......# #.........
#.#..$........###....#.#.#
#...................!.....


You could see Regeox's ghost and a friendly rat skeleton.

Vanquished Creatures
  An orc wizard (D:2)
  2 adders (D:2)
  A worm (D:2)
  2 giant geckos
  12 orcs
  5 ball pythons
  3 giant cockroaches
  2 goblins
  4 hobgoblins (D:1)
  5 kobolds
  4 bats
  3 giant newts
  3 rats
  A plant (D:1)
48 creatures vanquished.

Vanquished Creatures (collateral kills)
  An orc wizard (D:3)
  An orc (D:2)
  2 goblins
4 creatures vanquished.

Grand Total: 52 creatures vanquished

Notes
Turn   | Place    | Note
--------------------------------------------------------------
     0 | D:1      | thewizardguy the Mummy Necromancer began the quest for the Orb.
     0 | D:1      | Reached XP level 1. HP: 13/13 MP: 3/3
   388 | D:1      | Reached XP level 2. HP: 15/19 MP: 0/5
   393 | D:1      | Learned a level 1 spell: Animate Skeleton
   966 | D:2      | Reached XP level 3. HP: 21/24 MP: 0/6
  1507 | D:2      | Found a snail-covered altar of Cheibriados.
  2055 | D:3      | Reached XP level 4. HP: 25/30 MP: 1/8
  2120 | D:3      | Noticed Regeox's ghost (weakling SpEn)
  2137 | D:2      | Learned a level 3 spell: Vampiric Draining
  2142 | D:2      | Learned a level 4 spell: Control Undead
  2156 | D:2      | Reached skill level 5 in Necromancy
  2650 | D:3      | Reached XP level 5. HP: 25/35 MP: 7/10
  2703 | D:3      | HP: 1/35 [Regeox's ghost (4)]
  2706 | D:3      | Slain by Regeox's ghost

Skill      XL: |  1  2  3  4 |
---------------+-------------+-----
Spellcasting   | 3 |  3.5
Necromancy     | 5 |  5.1
Fighting       | |  0.2
Dodging        | |  1.9
Stealth        | |  1.8

Action                   |  1- 3 |  4- 6 || total
-------------------------+-------+-------++-------
Melee: Club              |    86 |       ||    86
       Dagger            |    21 |       ||    21
       Short sword       |       |     7 ||     7
       Trident           |       |    14 ||    14
 Cast: Pain              |    76 |    18 ||    94
       Animate Skeleton  |    13 |     3 ||    16
       Control Undead    |       |     5 ||     5
       Vampiric Draining |       |     2 ||     2
  Use: Scroll            |     2 |     3 ||     5
Armor: Robe              |    15 |     7 ||    22
Dodge: Dodged            |    58 |    25 ||    83
